AoeStats
← OpulentSilver

Black Forest

508773198Analyzed
2v2 RM · 9d ago on Sep 24, 2026· 16m 55s· 4 players
Game mode
Random Map
Map size
Medium (4 player)
Population
200
Speed
Normal
Resources
Standard
Victory
Conquest
Starting age
Dark Age
Ending age
Imperial Age
RankedLock teamsTeams togetherTeam positionsShared explorationLock speedFull tech treeHidden civsTurbo modeCheats
Victory
Defeat
🇨🇱 Khmer · Chile
623
+20
621
+20
🇳🇿 Britons · New Zealand
734
-21
🇧🇷 Danes · Brazil
676
-19
OpulentSilver
JC
0:35 Loom
10:33 Feudal Age
14:53 Arson
ME BANEARON EN EL LOL
0:32 Loom
13:21 Feudal Age
14:11 Double-Bit Axe
14:37 Man-at-Arms
tambien ME BANEARON EN EL LOL
0:36 Loom
15:30 Feudal Age
16:48 Arson
16:25 Man-at-Arms
Connection lost

Rejoining the realm…

Still unreachable

The connection could not be restored.

Session expired

The server has moved on; the page needs a fresh start.